 Dungeon Crawl Stone Soup version 0.28.0 (webtiles) character file.

Game seed: 9884498861303491635

4 HallandMoats the Skirmisher (level 1, 0/14 HPs)
             Began as a Gargoyle Monk on Feb 6, 2022.
             Constricted to death by a ball python (1 damage)
             ... on level 1 of the Dungeon.
             The game lasted 00:00:20 (68 turns).

HallandMoats the Skirmisher (Gargoyle Monk)           Turns: 68, Time: 00:00:20

Health: 0/14       AC:  4    Str: 14    XL:     1   Next: 70%
Magic:  1/1        EV:  9    Int: 10    God:
Gold:   0          SH:  0    Dex: 12    Spells: 0/0 levels left

rFire   . . .      SeeInvis .   a - +0 hand axe
rCold   . . .      Faith    .   (no shield)
rNeg    + . .      Spirit   .   b - +0 robe
rPois   ∞          Reflect  .   (no helmet)
rElec   +          Harm     .   (no cloak)
rCorr   .          Rampage  .   (no gloves)
Will    .....                   (no boots)
Stlth   ++........              (no amulet)
HPRegen 0.04/turn               (no ring)
MPRegen 0.07/turn               (no ring)

@: constricted
A: sickness immunity, AC +2, negative energy resistance 1, electricity
resistance, torment resistance 1, petrification resistance
a: no special abilities


You were on level 1 of the Dungeon.
You visited 1 branch of the dungeon, and saw 1 of its levels.

Inventory:

Hand Weapons
 a - a +0 hand axe (weapon)
Armour
 b - a +0 robe (worn)


   Skills:
 * Level 3.3 Fighting
 * Level 2.7 Axes
 * Level 0.2 Armour
 * Level 2.5 Dodging
 - Level 2.1 Stealth
 + Level 0.1 Shields
 * Level 0.4 Invocations


You couldn't memorise any spells.
You didn't know any spells.
Your spell library was empty.

Dungeon Overview and Level Annotations

Branches:
Dungeon (1/15)

Altars:


Innate Abilities, Weirdness & Mutations

You are immune to sickness and miasma.
Your stone body is resilient. (AC +2)
You are immune to poison.
You resist negative energy. (rN+)
You are resistant to electric shocks. (rElec)
You are resistant to unholy torment.
You are immune to petrification.


Message History

A goblin and a hobgoblin come into view.
The goblin shouts!
The hobgoblin shouts!
The ball python hisses angrily.
The endoplasm quivers.
You hear a bark!
The bat hits you but does no damage. The bat hits you.
A rat comes into view.
A hobgoblin comes into view.
A jackal comes into view.
A jackal comes into view.
The hobgoblin shouts!
The jackal barks!
The bat misses you. The bat hits you.
You hit the bat.
You kill the bat!
The jackal barely misses you.
You hit the endoplasm.
The endoplasm is severely wounded.
You hit the goblin.
You kill the goblin!
You miss the jackal. The endoplasm freezes you.
You are frozen.
The endoplasm freezes you.
You are frozen.
The jackal bites you but does no damage.
There is an open door here.
You hit the endoplasm.
You kill the endoplasm!
You hit the goblin but do no damage. The goblin barely misses you.
You closely miss the goblin. The goblin barely misses you.
You miss the goblin. The goblin closely misses you.
You closely miss the goblin. The goblin barely misses you.
You closely miss the goblin. The goblin completely misses you.
You barely miss the goblin. The goblin barely misses you.
The goblin hits you with a +0 club.
* * * LOW HITPOINT WARNING * * *
You barely miss the goblin. The goblin barely misses you.
You slash the goblin!
You kill the goblin!
The ball python bites you.
* * * LOW HITPOINT WARNING * * *
The ball python grabs you. The ball python constricts you.
You die...

.....................
###....#.##.#######.#
#....#..#.# ####.#
#....##.#.# #..).#
###....##...# #....####
####......###..# #.........
..........# #..# #.g.......
####.....####..####g(.#.....
..............>.@Shhr)......
######.......######g......#.
#.).....# ####....#
#.......# ...... #.......#
..#.. ######### .#..# ..#.
.#..


You could see 2 jackals, 2 hobgoblins, a ball python and a rat.

Vanquished Creatures
  An endoplasm (D:1)
  A giant cockroach (D:1)
  2 goblins (D:1)
  A bat (D:1)
5 creatures vanquished.

Notes
Turn   | Place    | Note
-------+----------+-------------------------------------------
     0 | D:1      | HallandMoats the Gargoyle Monk began the quest for the Orb.
     0 | D:1      | Reached XP level 1. HP: 14/14 MP: 1/1
    68 | D:1      | Constricted to death by a ball python

Illustrated notes

Levels and vault maps discovered:
D:1:      dpeg_arrival_lava_temple_mockup, layout_basic,
          minmay_misc_feat_diagonals

Action                   || total
-------------------------++-------
Melee: Hand axe          ||    12
       Punch             ||     1
 Stab: Sleeping          ||     1
Armor: Robe              ||     2
Dodge: Dodged            ||     9
